 Dungeon Crawl Stone Soup version 0.21.0 (webtiles) character file.

948 HungrySpirit the Cleaver (level 7, 0/64 HPs)
             Began as a Minotaur Gladiator on Jan 6, 2018.
             Was an Initiate of Wu Jian.
             Shot with an arrow by a centaur (5 damage)
             ... on level 5 of the Dungeon.
             The game lasted 00:10:55 (4274 turns).

HungrySpirit the Cleaver (Minotaur Gladiator)       Turns: 4274, Time: 00:10:56

Health: 0/64       AC:  6    Str: 21    XL:     7   Next: 89%
Magic:  6/6        EV: 12    Int:  5    God:    Wu Jian [......]
Gold:   210        SH:  0    Dex: 13    Spells: 6/6 levels left

rFire    . . .     SeeInvis .   a - +0 war axe
rCold    . . .     Gourm    .   (no shield)
rNeg     . . .     Faith    .   x - +0 ring mail
rPois    .         Spirit   .   c - +0 hat
rElec    .         Reflect  .   t - +0 cloak {MR+}
rCorr    .         Harm     .   (no gloves)
MR       +....                  (no boots)
Stlth    +.........             u - amulet of regeneration
HPRegen  0.60/turn              i - +2 ring of strength
MPRegen  0.10/turn              (no ring)

@: no status effects
A: retaliatory headbutt, horns 2
a: Renounce Religion


You were on level 5 of the Dungeon.
You worshipped Wu Jian.
Wu Jian was noncommittal.
You were not hungry.

You visited 2 branches of the dungeon, and saw 6 of its levels.

You collected 210 gold pieces.

Inventory:

Hand Weapons
 a - a +0 war axe (weapon)
Missiles
 d - 3 throwing nets (quivered)
Armour
 c - a +0 hat (worn)
 t - a +0 cloak of magic resistance (worn)
 x - a +0 ring mail (worn)
Jewellery
 i - a +2 ring of strength (left hand)
 u - an amulet of regeneration (around neck)
 A - an uncursed ring of magical power {unknown}
Wands
 n - a wand of acid (2)
 C - a wand of random effects (6)
Scrolls
 b - 2 scrolls of remove curse
 j - 5 scrolls of identify
 m - a scroll of magic mapping
 p - a scroll of enchant weapon
 r - a scroll of amnesia
 s - a scroll of teleportation {unknown}
 B - 2 scrolls of enchant armour {unknown}
Potions
 e - a potion of curing {unknown}
 g - a potion of berserk rage {unknown}
 h - a potion of heal wounds {unknown}
 k - a potion of agility {unknown}
 l - a potion of degeneration {unknown}
 o - a potion of flight {unknown}
 q - a potion of resistance {unknown}
 v - 2 potions of ambrosia {unknown}
 z - a potion of lignification {unknown}
 E - a potion of brilliance {unknown}
Books
 w - a book of Misfortune

   Spells                             Type                      Level
   a - Confusing Touch                Hexes                        1
   b - Confuse                        Hexes                        3
   c - Gell's Gravitas                Translocation                3
   d - Petrify                        Transmutation/Earth          4
   e - Metabolic Englaciation         Hexes/Ice                    5
   f - Yara's Violent Unravelling     Hexes/Transmutation          5
 y - a book of Necromancy

   Spells                             Type                      Level
   a - Pain                           Necromancy                   1
   b - Animate Skeleton               Necromancy                   1
   c - Vampiric Draining              Necromancy                   3
   d - Regeneration                   Charms/Necromancy            3
   e - Animate Dead                   Necromancy                   4
   f - Borgnjor's Vile Clutch         Necromancy/Earth             5
Comestibles
 f - 7 rations
 D - 3 chunks of flesh


   Skills:
 + Level 6.6 Fighting
 * Level 9.6 Axes
 - Level 2.0 Throwing
 - Level 3.2 Dodging


You had 6 spell levels left.
You didn't know any spells.

Dungeon Overview and Level Annotations

Branches:
Dungeon (5/15)             Temple (1/1) D:5

Altars:
Ashenzari
Cheibriados
Dithmenos
Elyvilon
Fedhas
Gozag
Hepliaklqana
Kikubaaqudgha
Makhleb
Nemelex Xobeh
Okawaru
Qazlal
Ru
Sif Muna
Trog
Uskayaw
Wu Jian
Xom
Zin
The Shining One


Innate Abilities, Weirdness & Mutations

You reflexively headbutt those who attack you in melee.
You have a pair of horns on your head.


Message History

Evoke which item? (* to show all) (? for menu, Esc to quit)
Aiming: Random Effects
Press: ? - help, Shift-Dir - straight line, f - centaur
Aim: a centaur, wielding a shortbow The fireball explodes!
The fireball engulfs something.
The fireball engulfs the centaur.
The centaur is almost dead.
The fireball engulfs you!
The centaur shoots an arrow.
Something hits you! x2
The centaur shoots an arrow.
Okay, then.
The centaur shoots an arrow.
The arrow barely misses you. Something hits you!
* * * LOW HITPOINT WARNING * * *
Something hits you!
* * * LOW HITPOINT WARNING * * *
The centaur shoots an arrow.
The centaur shoots an arrow.
The centaur shoots an arrow.
The centaur shoots an arrow.
The arrow hits you.
You die...

#######################
#.....#.....#.....#(?%#
###
#.....#..†..#..@..#.|.#
#.. #..#..#..#..#..#..#
(/# #..
#).#.÷#..#..#..#..###(#
#..
#..#...).#.....#..(.((#
##.#
#..#.....#.....#....c.#
#...
#.(######################
#...
#.............^..)......#
#...
#.......................#
#..#
#..####################.#
#...


You could see a centaur.

Vanquished Creatures
  Prince Ribbit (D:5)
  A centaur (D:5)
  An ogre (D:4)
  A crimson imp (D:5)
  A quasit (D:4)
  2 orc wizards (D:4)
  Crazy Yiuf (D:4)
  An orc priest (D:4)
  An iguana (D:4)
  Ijyb (D:5)
  3 worker ants
  7 gnolls
  11 adders
  An ooze (D:1)
  3 worms
  3 dart slugs
  4 leopard geckos
  10 orcs
  A ball python (D:4)
  11 bats
  3 giant cockroaches
  7 goblins
  11 hobgoblins
  4 jackals
  A quokka (D:3)
  7 frilled lizards
  A jackal skeleton (D:4)
  11 kobolds
  A leopard gecko zombie (D:2)
  12 rats
123 creatures vanquished.

Notes
Turn   | Place    | Note
-------+----------+-------------------------------------------
     0 | D:1      | HungrySpirit the Minotaur Gladiator began the quest for the Orb.
     0 | D:1      | Reached XP level 1. HP: 18/18 MP: 0/0
    72 | D:1      | Reached skill level 4 in Axes
   133 | D:1      | Reached XP level 2. HP: 21/25 MP: 1/1
   551 | D:1      | Reached XP level 3. HP: 31/31 MP: 2/2
   701 | D:2      | Reached skill level 5 in Axes
   714 | D:2      | Found a stormy altar of Qazlal.
   715 | D:2      | Noticed a fire elemental
   717 | D:2      | Noticed a water elemental
   717 | D:2      | Noticed an earth elemental
   717 | D:2      | Noticed an air elemental
   821 | D:2      | Reached XP level 4. HP: 28/38 MP: 3/3
  1602 | D:3      | Reached skill level 6 in Axes
  1629 | D:3      | Reached XP level 5. HP: 42/46 MP: 4/4
  2565 | D:4      | Reached skill level 7 in Axes
  2565 | D:4      | Reached XP level 6. HP: 29/53 MP: 5/5
  2882 | D:4      | Reached skill level 5 in Fighting
  3076 | D:4      | Reached skill level 8 in Axes
  3217 | D:4      | Found a runed door.
  3256 | D:4      | Found a shadowy altar of Dithmenos.
  3256 | D:4      | Found an ornate altar of the Wu Jian Council.
  3257 | D:4      | Found a snail-covered altar of Cheibriados.
  3408 | D:4      | Noticed Crazy Yiuf
  3413 | D:4      | Killed Crazy Yiuf
  3413 | D:4      | Reached XP level 7. HP: 44/61 MP: 6/6
  3541 | D:5      | Entered Level 5 of the Dungeon
  3552 | D:5      | Found a staircase to the Ecumenical Temple.
  3569 | Temple   | Entered the Ecumenical Temple
  3764 | D:4      | Became a worshipper of the Wu Jian Council
  3809 | D:5      | Noticed Prince Ribbit
  3823 | D:5      | Killed Prince Ribbit
  3823 | D:5      | Reached skill level 9 in Axes
  3935 | D:5      | Noticed Ijyb
  3941 | D:5      | Killed Ijyb
  4266 | D:5      | Noticed a two-headed ogre
  4270 | D:5      | HP: 2/64 [something (10)]
  4274 | D:5      | Shot with an arrow by a centaur

Skill      XL: |  1  2  3  4  5  6  7 |
---------------+----------------------+-----
Axes           | 4 5 6 7 8 9 |  9.6
Fighting       | 3 4 5 6 |  6.6
Throwing       | |  2.0
Dodging        | |  3.2

Action                   |  1- 3 |  4- 6 |  7- 9 || total
-------------------------+-------+-------+-------++-------
Melee: War axe           |    59 |   129 |    38 ||   226
       Headbutt          |     3 |    29 |     7 ||    39
Throw: Throwing net      |       |     1 |       ||     1
Invok: Lunge             |       |       |     5 ||     5
Evoke: Wand              |       |     2 |     5 ||     7
  Use: Scroll            |       |     8 |       ||     8
  Eat: Chunk             |       |     8 |     3 ||    11
Armor: Leather armour    |    22 |    13 |       ||    35
       Ring mail         |       |     1 |    14 ||    15
Dodge: Dodged            |    45 |    85 |    19 ||   149
